 Dungeon Crawl Stone Soup version 0.28.0-53-g5a82cb258f (console) character file.

Game seed: 15498176485648710122

4 Faeu the Firebug (level 1, -1/16 HPs)
             Began as an Ogre Fire Elementalist on May 29, 2022.
             Slain by a hobgoblin (3 damage)
             ... on level 1 of the Dungeon.
             The game lasted 00:00:33 (128 turns).

Faeu the Firebug (Ogre Fire Elementalist)            Turns: 128, Time: 00:00:34

Health: -1/16      AC:  3    Str: 11    XL:     1   Next: 60%
Magic:  1/4        EV:  9    Int: 16    God:
Gold:   0          SH:  0    Dex:  9    Spells: 4/5 levels left

rFire   . . .      SeeInvis .   (no weapon)
rCold   . . .      Faith    .   (no shield)
rNeg    . . .      Spirit   .   a - +0 robe
rPois   .          Reflect  .   (helmet restricted)
rElec   .          Harm     .   (no cloak)
rCorr   .          Rampage  .   (gloves unavailable)
Will    .....                   (boots unavailable)
Stlth   +.........              (no amulet)
HPRegen 0.05/turn               (no ring)
MPRegen 0.09/turn               (no ring)

@: no status effects
A: large, unfitting armour, tough skin 1
a: no special abilities


You were on level 1 of the Dungeon.
You visited 1 branch of the dungeon, and saw 1 of its levels.


Innate Abilities, Weirdness & Mutations

You are too large for most types of armour.
You have tough skin. (AC +1)


   Skills:
 + Level 1.8 Dodging
 + Level 1.4 Stealth
 + Level 2.5 Spellcasting
 + Level 1.0 Conjurations
 + Level 2.7 Fire Magic


You had 4 spell levels left.
You knew the following spells:

 Your Spells              Type           Power      Damage    Failure   Level
a - Foxfire               Conj/Fire      32%        2x1d5     9%          1

Your spell library contained the following spells:

 Spells                   Type           Power      Damage    Failure   Level
 Scorch                   Fire           20%        2d6       10%         2
 Conjure Flame            Conj/Fire      8%         6-21      26%         3
 Inner Flame              Hex/Fire       6%         N/A       32%         3
 Flame Wave               Conj/Fire      8%         2d5       65%         4

Inventory:

Armour
 a - a +0 robe (worn)

Dungeon Overview and Level Annotations

Branches:
Dungeon (1/15)

Altars:

Shops:
D:1

[ ..........# ..........#
..........# ..........#
..........# ..........#
........$.#
..........######## #.
.......gr........## #.
.......@..######..#####.
..........# ##.##....
..........# #..#....
..........# ##.#....
..........# #.#....
########### #...... ##.....
#..#..
########################.#..
..........................#..
..........................#..


You could see a hobgoblin and a rat.


Message History

Press ? for a list of commands and other information.
You open the gate.
There is an open gate here.
A rat comes into view.
Found Xihog's Antique Armour Shop.
A bat comes into view.
You conjure some foxfire! 😎 MP[-1]
You lost 1 mp, and now have 2/3 mp.
The foxfire hits the rat.
You kill the rat! 😎 MP[+1]
Your mp is fully restored (3).
The helpless bat fails to defend itself.
You hit the bat but do no damage. The bat hits you but does no damage. x2
The bat misses you. The bat closely misses you.
You hit the bat. The bat hits you but does no damage.
The bat hits you but does no damage.
You barely miss the bat. The bat hits you. 😕 HP[-1]
You take 1 damage, and now have 15/16 hp.
The bat barely misses you. x2
You conjure some foxfire!
The bat hits you but does no damage. 😕 MP[-1]
You lost 1 mp, and now have 2/3 mp.
The foxfire hits the bat.
You kill the bat! 😕 MP[+1]
Your mp is fully restored (3). 😎 HP[+1]
There is a fountain of clear blue water here.
There is an entrance to Xihog's Antique Armour Shop here.
A goblin and a rat come into view.
A rat, a ball python and a hobgoblin come into view.
You conjure some foxfire! 😎 MP[-1]
You lost 1 mp, and now have 2/3 mp.
The foxfire hits the goblin.
You kill the goblin!
The foxfire hits the rat but does no damage.
Your Conjurations skill increases to level 1!
You conjure some foxfire!
The ball python hisses angrily.
The hobgoblin shouts! 😎 MP[-1]
You lost 1 mp, and now have 1/3 mp.
You conjure some foxfire!
The foxfire hits the rat. x2
You kill the rat! 😎 MP[-1]
The foxfire hits the ball python. x2
You kill the ball python!
You are too depleted to draw on your mana recklessly!
You are too depleted to draw on your mana recklessly!
The rat bites you but does no damage. The rat barely misses you.
The rat barely misses you. The hobgoblin hits you. 😕 HP[-1]
You take 1 damage, and now have 15/16 hp.
The rat bites you. 😕 HP[-2]
You take 2 damage, and now have 13/16 hp.
You are too depleted to draw on your mana recklessly!
You are too depleted to draw on your mana recklessly!
You are too depleted to draw on your mana recklessly!
You barely miss the hobgoblin. The rat closely misses you.
The hobgoblin hits you. 😮 HP[-2]
You take 2 damage, and now have 11/16 hp.
You barely miss the hobgoblin. The rat bites you but does no damage.
The hobgoblin hits you. 😮 HP[-2]
You take 2 damage, and now have 9/16 hp.
You hit the hobgoblin but do no damage. The rat bites you but does no damage.
The hobgoblin hits you.
* * * LOW HITPOINT WARNING * * *
😨 HP[-1] MP[+1]
You take 1 damage, and now have 8/16 hp.
You barely miss the hobgoblin. The rat bites you but does no damage.
The hobgoblin hits you.
* * * LOW HITPOINT WARNING * * *
😨 HP[-2]
You take 2 damage, and now have 6/16 hp.
You hit the hobgoblin but do no damage. The rat closely misses you.
The hobgoblin hits you.
* * * LOW HITPOINT WARNING * * *
😨 HP[-1]
You take 1 damage, and now have 5/16 hp.
You hit the hobgoblin but do no damage. The rat bites you.
* * * LOW HITPOINT WARNING * * *
The hobgoblin closely misses you. 😱 HP[-1]
You take 1 damage, and now have 4/16 hp.
You hit the hobgoblin. The rat bites you.
* * * LOW HITPOINT WARNING * * *
The hobgoblin hits you.
* * * LOW HITPOINT WARNING * * *
😱 HP[-2]
You take 2 damage, and now have 2/16 hp.
You hit the hobgoblin but do no damage. The rat barely misses you.
The hobgoblin hits you.
You die...

Skill      XL: |  1 |
---------------+----+-----
Conjurations   | 1 |  1.0
Dodging        | |  1.8
Stealth        | |  1.4
Spellcasting   | |  2.5
Fire Magic     | |  2.7

Action                   || total
-------------------------++-------
Melee: Unarmed           ||    11
 Cast: Foxfire           ||     5
 Stab: Sleeping          ||     1
Armor: Robe              ||     9
Dodge: Dodged            ||    10

Levels and vault maps discovered:
D:1:      wander_arrival_estate, layout_basic, serial_shops, shop_statue

Notes
Turn   | Place    | Note
-------+----------+-------------------------------------------
     0 | D:1      | Faeu the Ogre Fire Elementalist began the quest for the
                  | Orb.
     0 | D:1      | Reached XP level 1. HP: 16/16 MP: 3/3
     0 | D:1      | magus.rc [v1.9.6]
    36 | D:1      | Found Xihog's Antique Armour Shop.
   114 | D:1      | Reached skill level 1 in Conjurations
   126 | D:1      | HP: 4/16 [rat (1)]
   128 | D:1      | Slain by a hobgoblin

Vanquished Creatures
  A goblin (D:1)
  A ball python (D:1)
  A bat (D:1)
  2 rats (D:1)
5 creatures vanquished.

Vanquished Creatures (others)
  8 foxfires (D:1)
8 creatures vanquished.

Grand Total: 13 creatures vanquished

Table legend:
 A = Non-vault XP
 B = Vault XP
 C = Vault XP percentage of total XP
 D = Non-vault monster count
 E = Vault monster count
 F = Vault count percentage of total count
                 A         B        C        D         E       F
            +---------+---------+-------+---------+---------+-------
      Total |       6 |       0 |   0.0 |       5 |       0 |   0.0
            +---------+---------+-------+---------+---------+-------
        D:1 |       6 |       0 |   0.0 |       5 |       0 |   0.0
            +---------+---------+-------+---------+---------+-------

Illustrated notes

Table legend:
 A = Kills in this place as a percentage of kills in entire the game.
 B = Kills by you in this place as a percentage of kills by you in the entire game.
 C = Kills by friends in this place as a percentage of kills by friends in the entire game.
 D = Other kills in this place as a percentage of other kills in the entire game.
 E = Experience gained in this place as a percentage of experience gained in the entire game.
 F = Experience gained in this place divided by the number of levels of this place that you have seen.
                   A       B       C       D       E      F
               +-------+-------+-------+-------+-------+----------------------
         Total | 100.0 | 100.0 |   N/A |   N/A | 100.0 |   6.0
       Dungeon | 100.0 | 100.0 |   N/A |   N/A | 100.0 |   6.0
               +-------+-------+-------+-------+-------+----------------------

Table legend: (Time is in decaauts)
 A = Elapsed time spent in this place.
 B = Non-inter-level travel time spent in this place.
 C = Inter-level travel time spent in this place.
 D = Time resting spent in this place.
 E = Time spent auto-exploring this place.
 F = Levels seen in this place.
 G = Mean time per level.
                   A        B        C        D        E       F      G
               +--------+--------+--------+--------+--------+-----+--------+
         Total |    128 |    128 |      0 |      0 |     64 |   1 |  128.0 |
       Dungeon |    128 |    128 |      0 |      0 |     64 |   1 |  128.0 |
               +--------+--------+--------+--------+--------+-----+--------+

Top non-repeatable levels by time:
     D:1: 128 daAuts
